 Dungeon Crawl Stone Soup version bcrawl-1.28 (webtiles) character file.

Game seed: 13431309068111950362

377597 Toxa551 the Grappler (level 8, -5/78 HPs)
             Began as a Troll Monk on Nov 19, 2020.
             Engulfed by a cloud of flame (15 damage)
             ... on level 6 of the Dungeon.
             The game lasted 00:15:03 (3626 turns).

Toxa551 the Grappler (Troll Monk)                   Turns: 3626, Time: 00:15:04

Health: -5/78      AC:  9    Str: 21    XL:     8   Next: 93%
Magic:  0/8        EV: 12    Int:  9    God:
Gold:   452        SH:  0    Dex: 13    Spells: 7/7 levels left

rFire    x . .     SeeInvis .     - Claws (25.6)
rCold    + . .     Gourm    +   (no shield)
rNeg     + . .     Faith    .   (armour unavailable)
rPois    .         Spirit   +   n - +2 hat
rElec    .         Reflect  .   (no cloak)
rCorr    .         Harm     .   (gloves unavailable)
MR       .....                  (boots unavailable)
Stlth    ++........             b - amulet of guardian spirit
HPRegen  0.63/turn              j - ring "Lorph" {Ice rN+} (curse)
MPRegen  0.11/turn              g - +2 ring of intelligence

@: lethally poisoned (-5 -> -6), very slightly contaminated
A: large, almost no armour, claws 3, fast metabolism 3, gourmand, regeneration
1, AC +7
a: no special abilities


You were on level 6 of the Dungeon.
You were completely stuffed.

You visited 1 branch of the dungeon, and saw 6 of its levels.

You collected 452 gold pieces.

Inventory:

Armour
 a - a +0 hat
 n - a +2 hat (worn)
 A - a +0 cloak
Jewellery
 b - an amulet of guardian spirit (around neck)
 g - a +2 ring of intelligence (right claw)
 j - the cursed ring "Lorph" (left claw) {Ice rN+}
   (You found it on level 2 of the Dungeon)

   [ring of ice]

   It enhances your ice magic.
   It makes you vulnerable to fire.
   It protects you from cold.
   It protects you from negative energy.
   It has a curse placed upon it.
 w - an uncursed ring of fire {unknown}
Wands
 r - a wand of iceblast (10)
 s - a wand of paralysis (10)
 x - a wand of flame (35)
Scrolls
 c - 5 scrolls of remove curse
 h - 6 scrolls of identify
 l - 2 scrolls of enchant weapon
 m - a scroll of blinking
 t - 4 scrolls of teleportation
Potions
 d - a potion of resistance
 f - a potion of brilliance
 i - 2 potions of agility
 k - a potion of degeneration
 p - a potion of curing
 q - a potion of heal wounds {unknown}
 u - a potion of magic {unknown}
 z - a potion of cancellation {unknown}
Comestibles
 e - 13 rations {!d}
 o - 2 chunks of flesh


   Skills:
 + Level 3.7 Fighting
 + Level 4.9 Dodging
 + Level 2.6 Stealth
 + Level 9.5 Unarmed Combat
   Level 2.0 Invocations


You had 7 spell levels left.
You didn't know any spells.
Your spell library contained the following spells:

 Spells                   Type           Power        Failure   Level  Hunger
 Confuse                  Hex            #.......     77%         3    #####..
 Dazzling Orbs            Conj/Hex       #......      77%         3    #####..
 Petrify                  Tmut/Erth      #.........   99%         4    ######.
 Yara's Violent Unravell  Hex/Tmut       #.........   99%         4    ######.
 Metabolic Englaciation   Hex/Ice        #.........   100%        5    #######
 Mana Rupture             Conj/Hex       #.........   100%        7    #######


Dungeon Overview and Level Annotations

Branches:
Dungeon (6/12)             Temple (0/1) D:6

Altars:
Gozag
Hepliaklqana
Makhleb
Qazlal
Xom
Zin

Shops:
D:5 ?

Annotations:
D:4 1 exclusion


Innate Abilities, Weirdness & Mutations

You cannot wear most types of armour.
Your thick skin is tough. (AC +7)
You are too large for most types of armour.
You have claws for hands.
Your metabolism is lightning-fast.
You like to eat raw meat.
Your natural rate of healing is unusually fast.


Message History

As you read the scroll labeled DUOQYXKEGHU, it crumbles to dust.
You feel aware of your surroundings.
It was a scroll of magic mapping.
The adder barely misses you.
You claw the water moccasin!
The water moccasin is moderately wounded.
The adder bites you but does no damage. The water moccasin bites you.
You are poisoned.
The water moccasin poisons you!
You mangle the water moccasin!!
The water moccasin explodes!
The fiery explosion engulfs the adder!!!
The adder explodes!
The fire burns you terribly! The fiery explosion engulfs you!!!
Ouch! That really hurt!
The fire burns you terribly! The fiery explosion engulfs you!
You are engulfed in blazing flames.
* * * LOW HITPOINT WARNING * * *
You feel sick.
You are engulfed in blazing flames.
You die...

..........#*.,,**,,*,,,,,,,,,,,,,
......##..#**..##.**,,,,,,,,,,,,,
...#.......###.#.###,,,,,,,,,,,,,
...#...............#####**8,8****
...........##..........,,*,,**
.###.##..............#,*,,,**
.###..#.....#%%.....#*******
..##.......##..§§§.##
..#..##....##.%§@§§.###
...........#...§§§§...#
.))........#.....##...#
...)......%.......,,..#*
.............###.##,,..#
..........#.......,,,,.#
..........###.....,,*,*#
.......#..#.......,****
.......##..........,,,##


There were no monsters in sight!

Vanquished Creatures
  A hippogriff (D:6)
  Duvessa (D:5)
  2 water moccasins (D:6)
  2 ice beasts (D:6)
  An orc warrior (D:5)
  An ogre (D:3)
  3 sky beasts
  A bullfrog (D:6)
  Dowan (D:5)
  A scorpion (D:5)
  A bullfrog zombie (D:5)
  2 hounds
  2 jellies (D:5)
  An iguana (D:2)
  2 worker ants
  A killer bee zombie (D:6)
  A howler monkey zombie (D:5)
  8 gnolls
  12 adders
  A howler monkey skeleton (D:5)
  A shadow imp (D:6)
  4 oozes
  4 adder skeletons
  5 worms
  3 dart slugs
  3 leopard geckos
  9 orcs
  5 bats
  2 giant cockroaches
  2 goblins
  5 hobgoblins
  15 jackals
  5 quokkas
  A ball python (D:1)
  2 frilled lizards
  7 kobolds
  A quokka skeleton (D:4)
  2 rats (D:3)
121 creatures vanquished.

Notes
Turn   | Place    | Note
-------+----------+-------------------------------------------
     0 | D:1      | Toxa551 the Troll Monk began the quest for the Orb.
     0 | D:1      | Reached XP level 1. HP: 22/22 MP: 1/1
   221 | D:1      | Reached XP level 2. HP: 29/29 MP: 2/2
   564 | D:2      | Reached XP level 3. HP: 32/36 MP: 3/3
   783 | D:2      | Found a glowing silver altar of Zin.
   784 | D:2      | Found an opulent altar of Gozag.
   788 | D:2      | Gained mutation: Your natural rate of healing is unusually
                  | fast. [Troll growth]
   788 | D:2      | Reached XP level 4. HP: 33/44 MP: 1/4
   866 | D:2      | Got a coiled silver ring
   974 | D:2      | Found a shimmering altar of Xom.
  1026 | D:2      | Found a stormy altar of Qazlal.
  1234 | D:3      | Reached skill level 4 in Unarmed Combat
  1286 | D:3      | Reached XP level 5. HP: 53/53 MP: 5/5
  1347 | D:3      | Identified the cursed ring "Lorph" {Ice rN+} (You found it
                  | on level 2 of the Dungeon)
  1606 | D:3      | Noticed an ogre
  1624 | D:3      | Killed an ogre
  1624 | D:3      | Reached skill level 5 in Unarmed Combat
  1624 | D:3      | Reached XP level 6. HP: 41/61 MP: 3/6
  1625 | D:3      | Found a burning altar of Makhleb.
  1919 | D:4      | Noticed a sky beast
  1929 | D:4      | Killed a sky beast
  2060 | D:4      | Noticed a sky beast
  2181 | D:4      | Killed a sky beast
  2181 | D:4      | Reached skill level 6 in Unarmed Combat
  2181 | D:4      | Reached XP level 7. HP: 43/67 MP: 4/7
  2614 | D:5      | Entered Level 5 of the Dungeon
  2625 | D:5      | Found Yfroup's Magic Scroll Boutique.
  2638 | D:5      | Reached skill level 7 in Unarmed Combat
  2762 | D:5      | Noticed Duvessa
  2763 | D:5      | Noticed Dowan
  2782 | D:5      | Killed Duvessa
  2791 | D:5      | Killed Dowan
  2791 | D:5      | Reached XP level 8. HP: 63/75 MP: 6/8
  3051 | D:5      | Reached skill level 8 in Unarmed Combat
  3176 | D:6      | Noticed a hippogriff
  3188 | D:6      | Killed a hippogriff
  3285 | D:6      | Found a hazy altar of Hepliaklqana.
  3392 | D:6      | Reached skill level 9 in Unarmed Combat
  3626 | D:6      | Engulfed by a cloud of flame

Skill      XL: |  1  2  3  4  5  6  7  8 |
---------------+-------------------------+-----
Dodging        | 3 4 |  4.9
Unarmed Combat | 4 5 6 7 9 |  9.5
Fighting       | 3 |  3.7
Stealth        | 2 |  2.6
Invocations    | |  2.0

Action                   |  1- 3 |  4- 6 |  7- 9 || total
-------------------------+-------+-------+-------++-------
Melee: Unarmed           |    83 |   161 |   150 ||   394
       Punch             |       |     4 |     6 ||    10
  Use: Scroll            |     2 |     4 |     3 ||     9
       Potion            |       |     4 |     1 ||     5
 Stab: Sleeping          |     1 |     5 |     5 ||    11
       Distracted        |       |       |     1 ||     1
  Eat: Chunk             |    11 |    13 |    11 ||    35
       Ration            |       |       |     1 ||     1
Armor: Skin              |    30 |    49 |    48 ||   127
Dodge: Dodged            |    33 |    83 |    57 ||   173
